 Dungeon Crawl Stone Soup version 0.21-a0-529-g8c7b3f5 (webtiles) character file.

78 tof the Skirmisher (level 4, -1/49 HPs)
             Began as an Ogre Berserker on Dec 9, 2017.
             Was a Follower of Trog.
             Slain by an adder (4 damage)
             ... on level 3 of the Dungeon.
             The game lasted 00:04:35 (3046 turns).

tof the Skirmisher (Ogre Berserker)                 Turns: 3046, Time: 00:04:36

Health: -1/49      AC:  3    Str: 21    XL:     4   Next: 36%
Magic:  0/4        EV: 10    Int:  8    God:    Trog [*.....]
Gold:   135        SH:  0    Dex:  9    Spells: 3/3 levels left

rFire    . . .     SeeInvis .   a - +0 mace
rCold    . . .     Gourm    .   (no shield)
rNeg     . . .     Faith    .   b - +0 animal skin
rPois    .         Spirit   +   (helmet restricted)
rElec    .         Reflect  .   (no cloak)
rCorr    .         Harm     .   (gloves unavailable)
MR       .....                  (boots unavailable)
Stlth    +.........             p - amulet of guardian spirit
HPRegen  0.16/turn              (no ring)
MPRegen  0.09/turn              (no ring)

@: lethally poisoned (-1 -> -7), berserk cooldown, slowed, very slow
A: large, unfitting armour, tough skin 1
a: Berserk, Burn Spellbooks, Renounce Religion


You were on level 3 of the Dungeon.
You worshipped Trog.
Trog was aware of your devotion.
You were not hungry.

You visited 1 branch of the dungeon, and saw 3 of its levels.

You collected 135 gold pieces.

Inventory:

Hand Weapons
 a - a +0 mace (weapon)
Missiles
 j - 4 tomahawks (quivered)
 q - 48 stones
Armour
 b - a +0 animal skin (worn)
Jewellery
 p - an amulet of guardian spirit (around neck)
Scrolls
 d - a scroll of enchant armour {unknown}
 f - 3 scrolls of random uselessness {unknown}
 h - a scroll of teleportation {unknown}
 i - 2 scrolls of amnesia {unknown}
 k - 2 scrolls of identify {unknown}
 n - a scroll of enchant weapon {unknown}
 o - a scroll of immolation {unknown}
 r - a scroll of noise {unknown}
Potions
 e - a potion of might {unknown}
 l - 2 potions of magic {unknown}
 m - a potion of brilliance {unknown}
 s - a potion of haste {unknown}
 u - a potion of agility {unknown}
Comestibles
 c - a bread ration


   Skills:
 + Level 4.4 Fighting
 * Level 3.4 Maces & Flails
 + Level 1.3 Throwing
 + Level 1.1 Armour
 + Level 3.0 Dodging


You had 3 spell levels left.
You didn't know any spells.

Dungeon Overview and Level Annotations

Branches:
Dungeon (3/15)

Altars:
Gozag
Yredelemnul

Shops:
D:2 *

Annotations:
D:3 Terence


Innate Abilities, Weirdness & Mutations

You are too large for most types of armour.
You have tough skin. (AC +1)


Message History

The adder bites you but does no damage.
You closely miss the adder.
The adder is moderately wounded.
You feel sick. The adder closely misses you.
The adder bites you but does no damage.
The orc wizard mumbles some strange words.
The orc wizard flickers and vanishes!
Deactivating autopickup; reactivate with Ctrl-A.
The adder bites you.
* * * LOW HITPOINT WARNING * * *
The adder completely misses you. The adder bites you.
* * * LOW HITPOINT WARNING * * *
The adder bites you but does no damage.
You barely miss the adder.
The adder is moderately wounded.
The adder closely misses you. The adder bites you.
* * * LOW HITPOINT WARNING * * *
You are lethally poisoned!
The adder poisons you! The adder bites you.
You die...

# .# ###.##.P.
#?S....._ #@#
######S#
#....gS####..#
#....<{o.oK...
#.....%###....
#......# .)
..# #>......
...# ######.#.
..... #...#
#..#


You could see 3 adders, an orc and a hobgoblin.

Vanquished Creatures
  2 adders (D:2)
  A worm (D:2)
  4 dart slugs
  An orc (D:3)
  A giant cockroach (D:1)
  8 goblins
  7 hobgoblins
  2 quokkas
  6 bats
  3 frilled lizards
  6 kobolds
  5 rats
46 creatures vanquished.

Notes
Turn   | Place    | Note
-------+----------+-------------------------------------------
     0 | D:1      | tof the Ogre Berserker began the quest for the Orb.
     0 | D:1      | Reached XP level 1. HP: 24/24 MP: 1/1
   343 | D:1      | Reached XP level 2. HP: 31/32 MP: 2/2
  1113 | D:2      | Reached XP level 3. HP: 17/39 MP: 3/3
  1473 | D:2      | Reached skill level 1 in Throwing
  2020 | D:2      | Reached XP level 4. HP: 23/49 MP: 2/4
  2023 | D:2      | Reached skill level 1 in Armour
  2025 | D:2      | Reached ** piety under Trog
  2325 | D:2      | Found an opulent altar of Gozag.
  2325 | D:2      | Found Gozag's Platinum Reserve.
  2752 | D:3      | Noticed Terence
  3036 | D:3      | Found a basalt altar of Yredelemnul.
  3046 | D:3      | Slain by an adder

Vault maps used:
D:1:      dpeg_arrival_arbitrary_a
D:2:      nicolae_gozag_zags_fifth_avenue
D:3:      overflow_temple_1_default, yredelemnul_altar_generic,
          tso_oasis_becter, lemuel_another_geyser, uniq_terence, uniq_sigmund

Skill      XL: |  1  2  3  4 |
---------------+-------------+-----
Maces & Flails | 3 |  3.4
Throwing       | 1 |  1.3
Dodging        | 3 |  3.0
Armour         | 1 |  1.1
Fighting       | |  4.4

Action                   |  1- 3 |  4- 6 || total
-------------------------+-------+-------++-------
Melee: Mace              |    88 |    33 ||   121
Throw: Tomahawk          |    15 |     5 ||    20
       Stone             |     2 |       ||     2
Invok: Berserk           |       |     1 ||     1
  Eat: Chunk             |     3 |     2 ||     5
       Meat ration       |       |     1 ||     1
Armor: Animal skin       |    34 |    26 ||    60
Dodge: Dodged            |    56 |    35 ||    91

Table legend:
 A = Spawn XP
 B = Non-spawn XP
 C = Spawn XP percentage of total XP
 D = Spawn monster count
 E = Non-spawn monster count
 F = Spawn count percentage of total count
 G = Total turns spent on level
                    A         B        C        D         E        F      G
               +---------+---------+-------+---------+---------+-------+---------
         Total |       0 |     112 |   0.0 |       0 |      46 |   0.0 |  3046
               +---------+---------+-------+---------+---------+-------+---------
           D:1 |       0 |      26 |   0.0 |       0 |      13 |   0.0 |  1243
           D:2 |       0 |      76 |   0.0 |       0 |      27 |   0.0 |  1686
           D:3 |       0 |      10 |   0.0 |       0 |       6 |   0.0 |   117
               +---------+---------+-------+---------+---------+-------+---------
